Map: 2000 Atmospheres LE

Players

Bunny - Winner!

  • Race: Terran Terran

Trap

  • Race: Protoss Protoss

Event: IEM Katowice 2022

VOD

Have the link to the VOD?

Description

Time

  • Played on: Feb. 25, 2022, 6:23 a.m.
  • Length: 13:48

All games in this series

Show
View Real Time Build Order
Export as new Build Order

Bunny Terran - Winner!

Build Orders:  

Get SALT Encoding   

  12  0:00  SCV  
  13  0:12  SCV  
  14  0:17  Supply Depot  
  14  0:24  SCV  
  15  0:39  SCV  
  15  0:40  Barracks  
  16  0:45  Refinery  
  16  0:51  SCV  
  16  0:55  Refinery  
  17  1:03  SCV  
  18  1:15  SCV  
  19  1:26  Reaper  
  19  1:27  Orbital Command  
  20  1:36  Supply Depot  
  20  1:41  Bunker  
  20  1:55  SCV  
  20  1:57  Factory  
  21  2:07  SCV  
  22  2:19  SCV  
  23  2:31  SCV  
  23  2:35  Command Center  
  24  2:41  Factory Tech Lab  
  24  2:43  Barracks, SCV  
  25  2:48  Supply Depot  
  25  2:55  SCV  
  26  3:01  Cyclone  
  29  3:07  SCV  
  29  3:12  Barracks  
  30  3:19  SCV  
  30  3:30  Barracks Reactor  
  30  3:32  SCV  
  31  3:39  Marine  
  31  3:40  Stimpack  
  32  3:44  SCV  
  32  3:45  Factory Tech Lab  
  32  3:46  Orbital Command  
  33  3:56  SCV, Engineering Bay  
  33  3:57  Marine  
  35  4:06  Marine x2  
  35  4:08  SCV  
  35  4:09  Supply Depot  
  38  4:12  Marine, Combat Shield  
  38  4:14  Marine  
  38  4:15  SCV  
  41  4:20  SCV, Factory Reactor, Starport  
  41  4:23  Marine  
  42  4:27  SCV  
  42  4:28  Marine  
  42  4:29  Marine  
  45  4:32  SCV, Marine  
  45  4:36  Terran Infantry Weapons Level 1  
  47  4:39  Supply Depot  
  47  4:41  SCV, Marine  
  47  4:45  Refinery  
  49  4:47  Marine  
  52  4:53  Marauder x2  
  52  4:54  SCV  
  52  4:55  SCV  
  56  5:00  Marine  
  56  5:04  Supply Depot  
  56  5:05  Supply Depot, Marine  
  58  5:07  SCV x2  
  58  5:12  Medivac  
  58  5:13  Medivac  
  64  5:17  Marauder  
  64  5:21  Marauder, Marine  
  68  5:23  Factory Reactor  
  68  5:24  Concussive Shells  
  68  5:27  SCV  
  70  5:28  SCV  
  70  5:31  Supply Depot  
  71  5:36  Missile Turret  
  71  5:42  Supply Depot, SCV  
  71  5:43  SCV, Medivac  
  71  5:46  Medivac  
  76  5:53  Marauder, Marine x2  
  79  6:03  Widow Mine x2  
  82  6:05  Supply Depot, SCV x2  
  82  6:06  Refinery  
  82  6:08  Marauder  
  82  6:11  Marine x2  
  86  6:14  Marauder  
  90  6:24  Widow Mine x2  
  94  6:29  Marine  
  94  6:30  Marine, Marauder  
  98  6:34  Supply Depot  
  98  6:36  Marauder  
  96  6:40  Medivac x2  
  96  6:46  Marine  
  89  6:47  Marine  
  89  6:50  SCV x2  
  89  6:51  Marauder  
  90  6:57  Marauder  
  92  7:04  Marine  
  92  7:05  Marine  
  92  7:06  Command Center  
  94  7:09  SCV x2  
  96  7:16  Barracks  
  96  7:19  Barracks  
  95  7:26  SCV x2  
  96  7:34  Supply Depot, Terran Infantry Armor Level 1  
  100  7:37  Marauder x2, Marine x2  
  100  7:40  Widow Mine  
  100  7:41  Widow Mine  
  100  7:43  SCV x2  
  108  7:52  Armory  
  108  7:53  Ghost Academy  
  108  7:58  Marauder x2, Marine  
  112  7:59  Marine  
  112  8:00  SCV x2  
  112  8:01  Medivac  
  118  8:06  Medivac  
  113  8:21  Marauder x2  
  113  8:23  Barracks Reactor, Barracks Tech Lab  
  113  8:26  Marine x2  
  117  8:28  SCV x2  
  119  8:40  Orbital Command  
  119  8:42  Ghost x3  
  119  8:45  SCV x2  
  119  8:47  Marine  
  128  8:48  Supply Depot  
  128  8:49  Supply Depot  
  128  8:55  Widow Mine x2  
  132  9:00  Viking x2  
  132  9:02  SCV  
  137  9:03  SCV  
  137  9:06  Marine x3  
  137  9:09  Marine  
  141  9:11  SCV  
  141  9:14  SCV  
  141  9:15  SCV  
  141  9:23  Missile Turret x2  
  138  9:25  Widow Mine  
  138  9:26  Widow Mine  
  138  9:28  SCV x3  
  145  9:33  Terran Infantry Weapons Level 2  
  145  9:34  Ghost  
  145  9:40  Ghost  
  147  9:47  Ghost  
  147  9:50  Refinery  
  147  9:51  Refinery  
  146  10:03  Command Center  
  146  10:05  SCV x3  
  149  10:08  Viking  
  149  10:12  Viking  
  153  10:14  Terran Ship Weapons Level 1  
  153  10:19  SCV  
  154  10:21  Supply Depot  
  154  10:23  Marauder  
  156  10:31  Supply Depot, Enhanced Shockwaves  
  156  10:36  SCV  
  157  10:43  SCV x2, Ghost, Marauder x2  
  157  10:47  Marine x2  
  157  10:49  Marine  
  165  10:54  Widow Mine x2  
  168  11:00  Marine  
  168  11:02  Viking x2  
  171  11:04  Marauder  
  171  11:10  Marauder  
  173  11:15  Marauder  
  173  11:17  Supply Depot  
  175  11:20  SCV x3  
  178  11:26  Marauder  
  178  11:31  Marauder  
  178  11:32  Viking  
  177  11:36  Ghost  
  177  11:38  Viking  
  162  11:40  Marine  
  162  11:41  Marine x2  
  150  11:47  Marauder  
  150  11:53  Marauder  
  144  12:00  Widow Mine x2  
  140  12:02  SCV x2, Liberator  
  140  12:03  SCV  
  140  12:04  Planetary Fortress  
  140  12:05  Marauder  
  140  12:06  Missile Turret  
  140  12:08  Liberator  
  151  12:10  Marauder  
  151  12:13  Marine x3  
  151  12:14  Marine, Marauder  
  157  12:21  SCV x2  
  159  12:23  SCV  
  159  12:27  Marauder  
  162  12:31  Marine x3, Marauder  
  165  12:43  Marauder  
  167  12:47  Marine  
  167  12:48  Marauder  
  167  12:49  Marine x2  
  172  12:52  Marauder  
  172  12:56  Liberator x2  
  180  13:02  Barracks  
  180  13:03  Barracks x2, Marine  
  180  13:05  Marauder, Marine  
  179  13:07  Marine x2  
  179  13:09  Marauder  
  167  13:14  Marauder  
  164  13:21  Widow Mine x2, Marine  
  164  13:23  Marine  
  164  13:24  Marine  
  164  13:25  Marine  
  148  13:38  Refinery  
  148  13:39  Refinery  
Show
View Real Time Build Order
Export as new Build Order

Trap Protoss 

Build Orders: 1 Gate Expand, Oracle Opening 

Get SALT Encoding   

  12  0:00  Probe  
  13  0:12  Probe  
  14  0:17  Pylon  
  14  0:24  Probe  
  15  0:36  Probe (Chrono Boost)  
  15  0:37  Gateway  
  16  0:46  Assimilator, Probe (Chrono Boost)  
  17  0:51  Probe (Chrono Boost)  
  18  1:03  Probe  
  19  1:15  Probe  
  20  1:22  Nexus  
  20  1:31  Cybernetics Core  
  20  1:34  Probe  
  20  1:39  Assimilator  
  21  1:46  Probe  
  22  1:49  Pylon  
  22  1:58  Probe  
  23  2:04  Stalker (Chrono Boost)  
  25  2:10  Probe  
  25  2:22  Probe  
  26  2:24  Stalker (Chrono Boost), Shield Battery  
  28  2:34  Probe  
  29  2:41  Stargate, Probe  
  30  2:46  Probe  
  30  2:47  Warp Gate  
  31  2:56  Stalker  
  33  2:59  Probe  
  33  3:02  Probe  
  36  3:13  Probe (Chrono Boost)  
  36  3:14  Probe (Chrono Boost)  
  37  3:22  Oracle (Chrono Boost)  
  37  3:26  Probe (Chrono Boost)  
  42  3:29  Probe (Chrono Boost)  
  42  3:32  Pylon, Probe (Chrono Boost)  
  43  3:36  Probe  
  44  3:42  Twilight Council  
  44  3:43  Probe  
  44  3:48  Probe  
  46  3:56  Gateway  
  46  3:58  Probe  
  46  4:00  Gateway, Probe  
  48  4:09  Blink (Chrono Boost)  
  48  4:10  Probe  
  48  4:12  Probe  
  48  4:14  Pylon  
  50  4:24  Probe x2  
  51  4:31  Nexus  
  51  4:35  Pylon  
  51  4:37  Stalker  
  53  4:40  Assimilator  
  53  4:42  Probe  
  53  4:43  Probe  
  55  4:50  Pylon, Stalker  
  57  4:54  Stalker  
  57  4:56  Probe  
  57  4:58  Probe  
  61  5:02  Pylon  
  61  5:05  Stalker  
  63  5:10  Pylon  
  63  5:11  Probe x2  
  65  5:23  Sentry x2  
  65  5:24  Gateway  
  65  5:27  Gateway  
  69  5:28  Gateway  
  69  5:31  Probe x2  
  71  5:39  Charge (Chrono Boost)  
  71  5:41  Gateway  
  71  5:45  Shield Battery  
  71  5:46  Probe x2  
  71  5:49  Probe  
  74  5:58  Stalker x3  
  80  6:05  Shield Battery, Probe x3  
  83  6:12  Pylon  
  83  6:15  Shield Battery  
  83  6:17  Probe  
  84  6:19  Sentry  
  84  6:20  Probe x2  
  88  6:26  Zealot x3  
  88  6:29  Probe  
  88  6:30  Zealot x2  
  95  6:44  Zealot x2  
  95  6:45  Probe x3  
  92  6:50  Stalker, Zealot x3  
  92  6:51  Zealot  
  100  7:02  Assimilator  
  100  7:03  Assimilator  
  100  7:06  Robotics Facility, Assimilator  
  100  7:09  Dark Shrine  
  100  7:10  Forge, Probe x3  
  100  7:12  Shield Battery  
  103  7:19  Sentry x2, Zealot x3  
  113  7:24  Zealot x2  
  114  7:32  Pylon  
  114  7:35  Pylon, Protoss Ground Weapons Level 1 (Chrono Boost)  
  112  7:40  Stalker x2  
  116  7:50  Photon Cannon  
  112  7:52  Probe x3  
  112  7:55  Observer  
  112  7:58  Zealot x5  
  126  8:02  Robotics Bay  
  126  8:05  Photon Cannon  
  126  8:07  Pylon  
  126  8:12  Pylon  
  126  8:13  Pylon  
  126  8:19  Immortal (Chrono Boost)  
  122  8:22  Dark Templar x2  
  122  8:25  Dark Templar  
  122  8:30  Dark Templar  
  122  8:31  Zealot  
  122  8:32  Zealot x2  
  126  8:48  Colossus (Chrono Boost)  
  132  8:58  Zealot x4  
  132  8:59  Zealot x2  
  132  9:01  Extended Thermal Lance  
  144  9:03  Robotics Facility  
  144  9:09  Pylon  
  144  9:10  Pylon  
  136  9:24  Dark Templar  
  136  9:25  Zealot x4, Protoss Ground Weapons Level 2 (Chrono Boost)  
  136  9:27  Colossus (Chrono Boost)  
  152  9:43  Zealot  
  152  9:44  Zealot  
  156  9:48  Shadow Stride, Colossus (Chrono Boost)  
  156  9:51  Nexus  
  162  10:03  Zealot  
  162  10:07  Pylon  
  162  10:10  Colossus (Chrono Boost)  
  162  10:17  Stalker  
  162  10:20  Pylon  
  164  10:22  Pylon  
  164  10:25  Pylon  
  164  10:29  Forge  
  164  10:31  Shield Battery, Disruptor (Chrono Boost)  
  164  10:39  Nexus  
  158  10:50  Pylon  
  158  10:52  Photon Cannon, Stalker x2, Disruptor (Chrono Boost)  
  161  10:57  Stalker x2  
  161  10:58  Stalker  
  161  11:00  Disruptor (Chrono Boost)  
  156  11:13  Zealot x2  
  156  11:15  Zealot x2  
  156  11:16  Protoss Ground Armor Level 1  
  164  11:23  Disruptor (Chrono Boost)  
  164  11:24  Photon Cannon  
  167  11:27  Disruptor (Chrono Boost)  
  130  11:40  Zealot x2  
  130  11:41  Zealot x3  
  122  11:51  Disruptor (Chrono Boost)  
  117  11:58  Stalker x2  
  113  12:01  Nexus  
  113  12:05  Dark Templar x2  
  119  12:09  Disruptor (Chrono Boost)  
  119  12:12  Photon Cannon  
  119  12:13  Sentry  
  119  12:14  Zealot  
  123  12:19  Dark Templar  
  123  12:21  Observer (Chrono Boost)  
  123  12:31  Stalker x2  
  127  12:38  Stalker  
  127  12:40  Disruptor  
  132  12:46  Stalker  
  130  12:53  Stalker x2  
  135  12:58  Observer  
  115  13:17  Dark Templar x2, Observer  
  115  13:18  Zealot x5  
  86  13:39  Stalker x4  

Tags
 
Add a new tag
Caveats
  • Supply blocks, unpowered buildings, or Contaminate may cause inaccurate times.
  • Supply counts are checked every 10 seconds.